 Dungeon Crawl Stone Soup version 0.20-a0-443-g0464b71 (console) character file.

1050 HarryHood the Cudgeler (level 8, 0/76 HPs)
             Began as a Gargoyle Berserker on Jan 6, 2017.
             Was a Priest of Trog.
             Killed by divine providence
             ... invoked by an orc priest
              (11 damage)
             ... on level 5 of the Dungeon.
             The game lasted 00:19:54 (5205 turns).

HarryHood the Cudgeler (Gargoyle Berserker)         Turns: 5205, Time: 00:19:55

Health: 0/76       AC: 27    Str: 25    XL:     8   Next: 26%
Magic:  8/8        EV:  8    Int:  9    God:    Trog [***...]
Gold:   42         SH:  0    Dex: 11    Spells: 7/7 levels left

rFire  + . .     SeeInvis .     u - +0 morningstar (protect)
rCold  x . .     Gourm    +     m - +0 plate armour
rNeg   + . .     Faith    .     (no shield)
rPois  ∞         Spirit   .     f - +0 helmet
rElec  +         Reflect  .     (no cloak)
rCorr  .         Harm     .     r - +0 pair of gloves
MR     .....                    (no boots)
Stlth  ..........               e - amulet of the gourmand
                                i - ring of fire
                                (no ring)

@: berserking, protection aura, very quick
A: negative energy resistance 1, electricity resistance, unbreathing,
petrification resistance, rot immunity, AC +5
a: Berserk, Trog's Hand, Burn Spellbooks, Renounce Religion


You were on level 5 of the Dungeon.
You worshipped Trog.
Trog was most pleased with you.
You were hungry.

You visited 2 branches of the dungeon, and saw 6 of its levels.

You collected 238 gold pieces.
You spent 196 gold pieces at shops.

Inventory:

Hand Weapons
 u - a +0 morningstar of protection (weapon)
Missiles
 s - 8 javelins (quivered)
Armour
 f - a +0 helmet (worn)
 m - a +0 plate armour (worn)
 r - a +0 pair of gloves (worn)
Jewellery
 e - an amulet of the gourmand (around neck)
 i - a ring of fire (right hand)
Wands
 o - a wand of acid (8/15)
Scrolls
 b - 5 scrolls of teleportation {@r0}
 k - 2 scrolls of recharging
 l - a scroll of blinking
 v - a scroll of fog
Potions
 d - a potion of invisibility
 j - a potion of brilliance
 p - a potion of heal wounds {unknown}
 q - a potion of ambrosia {!q}
 w - a potion of haste {unknown}
 z - 3 potions of curing {@q2}
Comestibles
 a - 3 meat rations {@e1}
 c - 3 bread rations {@e1}
 g - a slice of pizza {@e2}
 h - a fruit {@e2}


   Skills:
 + Level 6.1 Fighting
 * Level 7.2 Maces & Flails
 + Level 5.3 Armour
 - Level 2.0 Dodging


You had 7 spell levels left.
You didn't know any spells.

Dungeon Overview and Level Annotations

Branches:
Dungeon (5/15)             Temple (1/1) D:5

Altars:
Ashenzari
Cheibriados
Dithmenos
Elyvilon
Fedhas
Gozag
Hepliaklqana
Kikubaaqudgha
Makhleb
Okawaru
Qazlal
Ru
Sif Muna
Trog
Xom
The Shining One

Shops:
D:4 *(   D:5 *


Innate Abilities, Weirdness & Mutations

You are resistant to torment.
Your stone body is resilient. (AC +5)
You are immune to poison.
You resist negative energy. (rN+)
You are resistant to electric shocks. (rElec)
You can survive without breathing.
You are immune to petrification.
You are immune to rotting.


Message History

The orc priest barely misses you.
You closely miss the orc priest. The orc priest barely misses you.
The orc priest hits you but does no damage.
A red film seems to cover your vision as you go berserk!
You feel yourself moving faster!
You feel mighty!
You feel a lot more hungry.
You are feeling hungry.
The orc priest looks encouraged for a moment.
The orc priest casts a cantrip, but nothing happens.
You impale the orc priest!!
You kill the orc priest!
Trog accepts your kill.
You closely miss the orc wizard.
The orc priest hits you from afar with a trident.
* * * LOW HITPOINT WARNING * * *
You barely miss the orc wizard.
The orc wizard hits you but does no damage.
You barely miss the orc wizard.
The orc priest invokes the aid of Beogh against you.
Beogh smites you!
You die...

#.##......#######.##
#.####.#### #....
.........# #..>#
##.#####.# #...# ######.
####.# #...# .......
#....# #...# <......
#.#..########.).#
......o##.(..............
......oo@......).........
......###.##.##..........
..... #.##.# .#####...#
.... #.##.# # #...# ###
#.. .. #..<# ### .# #...#
#...# .....# #######


You could see 2 orc priests and an orc wizard.

Vanquished Creatures
  The ghost of Piginabag the Fighter, a novice DsWn (D:4)
  An ogre (D:4)
  2 scorpions (D:4)
  A howler monkey (D:4)
  2 hounds (D:4)
  3 orc priests
  4 worker ants
  Terence (D:3)
  4 gnolls
  7 adders
  2 oozes
  5 worms
  A dart slug (D:2)
  3 leopard geckos
  9 orcs
  3 ball pythons (D:1)
  A giant cockroach (D:2)
  23 goblins
  11 hobgoblins
  3 jackals (D:4)
  4 quokkas
  A ball python skeleton (D:4)
  9 bats
  7 frilled lizards
  3 kobolds (D:1)
  7 rats
118 creatures vanquished.

Notes
Turn   | Place    | Note
-------+----------+-------------------------------------------
     0 | D:1      | HarryHood the Gargoyle Berserker began the quest for the Orb.
     0 | D:1      | Reached XP level 1. HP: 14/14 MP: 1/1
   163 | D:1      | Reached XP level 2. HP: 19/19 MP: 2/2
   404 | D:1      | Reached XP level 3. HP: 23/23 MP: 3/3
  1180 | D:2      | Reached ** piety under Trog
  1228 | D:2      | Reached skill level 2 in Dodging
  1530 | D:2      | Reached XP level 4. HP: 19/29 MP: 4/4
  1648 | D:2      | Reached skill level 4 in Fighting
  1863 | D:2      | Found a deep blue altar of Sif Muna.
  2023 | D:2      | Reached skill level 3 in Armour
  2033 | D:2      | Reached skill level 4 in Maces & Flails
  2239 | D:2      | Reached XP level 5. HP: 33/33 MP: 5/5
  2263 | D:2      | Found a sacrificial altar of Ru.
  2786 | D:3      | Reached *** piety under Trog
  3091 | D:3      | Found a glowing golden altar of the Shining One.
  3271 | D:3      | Noticed Terence
  3276 | D:3      | Killed Terence
  3276 | D:3      | Reached XP level 6. HP: 39/39 MP: 6/6
  3286 | D:3      | Found a hazy altar of Hepliaklqana.
  3451 | D:4      | Reached skill level 5 in Maces & Flails
  3515 | D:4      | HP: 1/40 [ogre/giant spiked club (20)]
  3517 | D:4      | Reached skill level 5 in Fighting
  3517 | D:4      | Reached skill level 4 in Armour
  3887 | D:4      | Found Voafutir's Weapon Boutique.
  3908 | D:4      | Reached XP level 7. HP: 44/44 MP: 7/7
  4025 | D:4      | Bought a +0 morningstar of protection for 81 gold pieces
  4095 | D:4      | Found Zysor's Assorted Antiques.
  4260 | D:4      | Reached skill level 6 in Maces & Flails
  4360 | D:4      | Noticed Piginabag's ghost (novice DsWn)
  4379 | D:4      | Killed Piginabag's ghost
  4379 | D:4      | Reached skill level 5 in Armour
  4379 | D:4      | Reached XP level 8. HP: 41/51 MP: 8/8
  4465 | D:4      | Reached skill level 7 in Maces & Flails
  4675 | D:4      | Reached skill level 6 in Fighting
  4831 | D:4      | Bought a dented ruby amulet for 115 gold pieces
  4860 | D:5      | Entered Level 5 of the Dungeon
  4877 | D:5      | Found a staircase to the Ecumenical Temple.
  4882 | Temple   | Entered the Ecumenical Temple
  5069 | D:5      | Found a shadowy altar of Dithmenos.
  5109 | D:5      | Found Seud's General Store.
  5205 | D:5      | Killed from afar by an orc priest

Vault maps used:
D:1:      dpeg_arrival_arbitrary_b, wad_floor_pattern_1, glass_columns_a
D:2:      cheibrodos_greedy_goblins, old_standard_altar, nicolae_ru_awakened_eye
D:3:      marbit_many_paths, tso_altar, item_on_display_a, uniq_terence
D:4:      serial_shops, shop, shop, first_bread, minmay_misc_feat_x
D:5:      serial_shops, shop, nicolae_dithmenos_shadow_blocks
Temple:   bh_familiar_temple

Skill      XL: |  1  2  3  4  5  6  7  8 |
---------------+-------------------------+-----
Dodging        | 2 |  2.0
Fighting       | 4 5 6 |  6.1
Armour         | 3 4 5 |  5.3
Maces & Flails | 4 5 6 7 |  7.2

Action                   |  1- 3 |  4- 6 |  7- 9 || total
-------------------------+-------+-------+-------++-------
Melee: Mace              |   136 |    67 |       ||   203
       Flail             |       |   150 |       ||   150
       Morningstar       |       |       |    84 ||    84
Invok: Berserk           |       |       |     1 ||     1
  Use: Scroll            |     2 |     6 |     4 ||    12
  Eat: Chunk             |     2 |     7 |     7 ||    16
Armor: Ring mail         |    70 |    18 |       ||    88
       Animal skin       |     2 |       |       ||     2
       Plate armour      |       |   130 |    63 ||   193
Dodge: Dodged            |    87 |    78 |    34 ||   199
